 Dungeon Crawl Stone Soup version 0.18-b1-14-g029dad2 (webtiles) character file.

172 kaze the Shooter (level 5, -5/49 HPs)
             Began as a Troll Hunter on Apr 30, 2016.
             Slain by skk's ghost (8 damage)
             ... on level 3 of the Dungeon.
             The game lasted 00:05:55 (1670 turns).

kaze the Shooter (Troll Hunter)                     Turns: 1670, Time: 00:05:56

Health: -5/49      AC:  5    Str: 20    XL:     5   Next: 27%
Magic:  4/4        EV: 10    Int:  7    God:
Gold:   80         SH:  0    Dex: 11    Spells: 0 memorised, 4 levels left

rFire  . . .     SeeInvis .     b - +0 short sword
rCold  . . .     Gourm    +     c - +0 robe
rNeg   . . .     Faith    .     (no shield)
rPois  .         Spirit   .     (helmet restricted)
rElec  .         Dismiss  .     (no cloak)
rCorr  .         Reflect  .     (gloves unavailable)
SustAt .         Harm     .     (boots unavailable)
MR     .....                    (no amulet)
Stlth  +.........               (no ring)
                                (no ring)

@: not resistant to hostile enchantments, very unstealthy
A: unfitting armour, claws 3, fast metabolism 3, gourmand, regeneration 2,
shaggy fur 1, tough skin 2
a: no special abilities


You were on level 3 of the Dungeon.
You were full.

You visited 1 branch of the dungeon, and saw 3 of its levels.

You collected 80 gold pieces.

Inventory:

Hand Weapons
 a - a +1 shortbow
 b - a +0 short sword (weapon)
Missiles
 d - 5 arrows
 n - 39 sling bullets
Armour
 c - a +0 robe (worn)
Wands
 p - a wand of teleportation (4/9)
Scrolls
 e - 2 scrolls of identify {unknown}
 h - a scroll of amnesia {unknown}
 k - 3 scrolls of magic mapping {unknown}
 m - a scroll of immolation {unknown}
 q - a scroll of enchant weapon {unknown}
 t - a scroll of remove curse {unknown}
Potions
 i - a potion of resistance {unknown}
 j - a potion of ambrosia {unknown}
 l - a potion of invisibility {unknown}
 o - a potion of curing {unknown}
 r - a potion of mutation {unknown}
 s - a potion of degeneration {unknown}
Comestibles
 f - a bread ration
 g - 5 meat rations


   Skills:
 + Level 2.0 Fighting
 + Level 0.2 Short Blades
 + Level 3.9 Bows
 + Level 2.7 Dodging
 + Level 0.5 Stealth


You had 4 spell levels left.
You didn't know any spells.

Dungeon Overview and Level Annotations

Branches:
Dungeon (3/15)

Altars:
Elyvilon
Kikubaaqudgha
Trog

Annotations:
D:3 skk's ghost, amateur DsMo


Innate Abilities, Weirdness & Mutations

You are too large for most types of armour.
You have claws for hands.
Your metabolism is lightning-fast.
You like to eat raw meat.
You heal very quickly.
You are covered in fur (AC +1).
You have very tough skin (AC +2).


Message History

You start resting.
You closely miss skk's ghost. Skk's ghost hits you.
* * * LOW HITPOINT WARNING * * *
You closely miss skk's ghost.
Skk's ghost hits you but does no damage.
You closely miss skk's ghost. Skk's ghost barely misses you.
You closely miss skk's ghost. Skk's ghost hits you!
* * * LOW HITPOINT WARNING * * *
You barely miss skk's ghost. Skk's ghost closely misses you.
You hit skk's ghost.
Skk's ghost is lightly damaged.
Skk's ghost closely misses you.
You hit skk's ghost.
Skk's ghost is lightly damaged.
Skk's ghost wails, "They lied to you.
The Dungeon just goes down and down forever."
Skk's ghost barely misses you.
You barely miss skk's ghost.
Skk's ghost is lightly damaged.
Skk's ghost hits you!
You die...

#.# #.# ..# #.# #.#
#######.#####.#
####.<..).........
#####........))$.(#
..........#@##W##.#
.####>#...#W##.##.#..!
# #####.##.(......
#...........
#.......#####[#...
#..####.. .# .. #### #


You could see skk's ghost.

Vanquished Creatures
  2 orc priests (D:3)
  Ijyb (D:2)
  3 adders (D:2)
  A worm (D:2)
  4 dart slugs
  3 orcs (D:3)
  3 bats (D:2)
  7 giant cockroaches
  6 goblins
  6 hobgoblins
  A quokka (D:2)
  3 giant newts
  3 kobolds
  5 rats
48 creatures vanquished.

Notes
Turn   | Place    | Note
--------------------------------------------------------------
     0 | D:1      | kaze the Troll Hunter began the quest for the Orb.
     0 | D:1      | Reached XP level 1. HP: 19/19 MP: 0/0
   209 | D:1      | Reached skill level 3 in Bows
   240 | D:1      | Reached XP level 2. HP: 27/27 MP: 1/1
   495 | D:2      | Found a white marble altar of Elyvilon.
   574 | D:2      | Found a bloodstained altar of Trog.
   630 | D:2      | Reached XP level 3. HP: 34/35 MP: 2/2
   771 | D:2      | Noticed Ijyb
   778 | D:2      | Killed Ijyb
   934 | D:2      | Reached XP level 4. HP: 37/42 MP: 3/3
  1028 | D:2      | Found an ancient bone altar of Kikubaaqudgha.
  1624 | D:3      | Reached XP level 5. HP: 49/49 MP: 4/4
  1651 | D:3      | Noticed skk's ghost (amateur DsMo)
  1666 | D:3      | HP: 1/49 [skk's ghost (9)]
  1670 | D:3      | Slain by skk's ghost

Skill      XL: |  1  2  3  4  5 |
---------------+----------------+-----
Bows           | 3 |  3.9
Dodging        | 2 |  2.7
Fighting       | 2 |  2.0
Short Blades   | |  0.2
Stealth        | |  0.5

Action                   |  1- 3 |  4- 6 || total
-------------------------+-------+-------++-------
Melee: Short sword       |    15 |   108 ||   123
 Fire: Shortbow          |    71 |    19 ||    90
 Stab: Sleeping          |       |     2 ||     2
       Distracted        |       |     1 ||     1
  Eat: Bread ration      |     1 |       ||     1
       Chunk             |     6 |     8 ||    14
Armor: Robe              |    26 |    38 ||    64
Dodge: Dodged            |    35 |    55 ||    90
